 Dungeon Crawl Stone Soup version 0.20-a0-556-g892c87b (console) character file.

43 Goblin1989 the Cudgeler (level 3, 0/29 HPs)
             Began as a Barachian Fighter on Feb 5, 2017.
             Slain by a jackal (3 damage)
             ... on level 1 of the Dungeon.
             The game lasted 00:02:16 (674 turns).

Goblin1989 the Cudgeler (Barachian Fighter)          Turns: 674, Time: 00:02:17

Health: 0/29       AC:  6    Str: 15    XL:     3   Next: 58%
Magic:  3/3        EV: 11    Int: 10    God:
Gold:   48         SH:  9    Dex: 15    Spells: 2/2 levels left

rFire    . . .     SeeInvis .   a - +0 flail
rCold    . . .     Gourm    .   b - +0 scale mail
rNeg     . . .     Faith    .   c - +0 shield
rPois    .         Spirit   .   (no helmet)
rElec    .         Reflect  .   (no cloak)
rCorr    .         Harm     .   (no gloves)
MR       .....                  (no boots)
Stlth    +.........             (no amulet)
Regen    0.1/turn               (no ring)
                                g - +4 ring of intelligence

@: agile, slow
A: swims, slowness 1, strong legs 1
a: Hop


You were on level 1 of the Dungeon.
You were not hungry.

You visited 1 branch of the dungeon, and saw 2 of its levels.

You collected 48 gold pieces.

Inventory:

Hand Weapons
 a - a +0 flail (weapon)
Armour
 b - a +0 scale mail (worn)
 c - a +0 shield (worn)
Jewellery
 g - a +4 ring of intelligence (left hand)
 i - a cursed -4 ring of evasion {unknown}
Scrolls
 f - 2 scrolls of blinking {unknown}
 l - a scroll of identify {unknown}
Potions
 d - a potion of might
Comestibles
 e - a bread ration {@e1}
 j - 4 fruits
 k - 2 chunks of flesh


   Skills:
 - Level 3.2 Fighting
 + Level 3.8 Maces & Flails
 - Level 3.2 Armour
 - Level 3.0 Shields


You had 2 spell levels left.
You didn't know any spells.

Dungeon Overview and Level Annotations

Branches:
Dungeon (2/15)

Altars:


Innate Abilities, Weirdness & Mutations

You can swim through water.
You cover ground slowly.
You can hop short distances.


Message History

You are too injured to fight recklessly!
You are too injured to fight recklessly!
You are too injured to fight recklessly!
Unknown command.
Unknown command.
Unknown command.
Hop to where?
Press: ? - help, Dir - move target cursor Boing!
You feel sick. The jackal completely misses you.
You take 1 damage, and have 16/29 hp.
The jackal bites you.
* * * LOW HITPOINT WARNING * * *
You take 3 damage, and have 13/29 hp.
You feel sick. You block the jackal's attack. The jackal bites you.
* * * LOW HITPOINT WARNING * * *
You take 2 damage, and have 11/29 hp.
The jackal bites you but does no damage.
You feel sick. You block the jackal's attack. You block the adder's attack.
You take 1 damage, and have 10/29 hp.
The jackal barely misses you. You block the jackal's attack.
You feel sick.
You take 1 damage, and have 10/29 hp.
It was a potion of cure mutation.
It has a very clean taste.
You block the jackal's attack. The jackal closely misses you.
It was a potion of agility.
You feel agile all of a sudden. The jackal closely misses you.
Unknown command.
You sock the jackal!
You kill the jackal!
You feel sick. The adder bites you but does no damage.
Some of the chunks of flesh in your inventory have rotted away.
You take 1 damage, and have 9/29 hp.
You closely miss the adder. The adder barely misses you.
You block the adder's attack.
You sock the adder!
The adder is severely wounded.
The adder bites you but does no damage. The adder barely misses you.
You hit the adder.
You kill the adder!
You feel sick. You block the jackal's attack.
You take 1 damage, and have 8/29 hp.
You closely miss the jackal. The jackal bites you.
* * * LOW HITPOINT WARNING * * *
You take 1 damage, and have 7/29 hp.
You closely miss the jackal. You block the jackal's attack.
The jackal bites you but does no damage.
You closely miss the jackal.
You feel sick.
You are no longer poisoned.
The jackal bites you.
* * * LOW HITPOINT WARNING * * *
The jackal bites you but does no damage.
You take 3 damage, and have 5/29 hp.
You hit the jackal but do no damage. The jackal closely misses you.
You block the jackal's attack.
You closely miss the jackal. You block the jackal's attack.
You hit the jackal but do no damage.
You are ready to hop once more.
The jackal bites you but does no damage.
You block the jackal's attack.
You hit the jackal.
The jackal is almost dead.
You block the jackal's attack.
The jackal bites you but does no damage.
You closely miss the jackal.
The jackal is almost dead.
You block the jackal's attack. x2
Your scale mail prevents you from hitting the jackal.
The jackal is almost dead.
You block the jackal's attack. x2
You closely miss the jackal.
The jackal is severely wounded.
The jackal misses you. You block the jackal's attack.
You closely miss the jackal.
The jackal is severely wounded.
The jackal closely misses you. The jackal barely misses you.
You hit the jackal.
The jackal is almost dead.
The jackal closely misses you.
You barely miss the jackal.
The jackal is almost dead.
The jackal barely misses you.
The jackal bites you but does no damage.
You closely miss the jackal.
The jackal is almost dead.
You block the jackal's attack. The jackal barely misses you.
You closely miss the jackal.
The jackal is almost dead.
You block the jackal's attack. The jackal closely misses you.
You closely miss the jackal.
The jackal is almost dead.
The jackal bites you.
* * * LOW HITPOINT WARNING * * *
The jackal bites you but does no damage.
You take 3 damage, and have 3/29 hp.
You closely miss the jackal.
The jackal is almost dead.
The jackal completely misses you. The jackal bites you.
You die... ███ ████████████████

....█..........█
....█..........█
....█..........███
....∆...>.....h..█
█...█..........█.█


█████ █...████████████h█ █...█ ....█ █@███.█.█ ....█ █.....█.█ █████ ███████.█
████ █.█ .).█ ███████ █.█ ...█ █.....█ █.█ ...█ █.███.█ █.█ ...███ █.█ █.█████.█
....(███████.███.██....█ You could see a jackal.

Vanquished Creatures
  2 adders (D:1)
  A dart slug (D:1)
  A ball python (D:1)
  3 bats (D:1)
  2 giant cockroaches (D:1)
  3 hobgoblins (D:1)
  A jackal (D:1)
  3 kobolds (D:1)
  2 frilled lizards (D:1)
  7 rats (D:1)
25 creatures vanquished.

Notes
Turn   | Place    | Note
-------+----------+-------------------------------------------
     0 | D:1      | Goblin1989 the Barachian Fighter began the quest for the Orb.
     0 | D:1      | Reached XP level 1. HP: 18/18 MP: 1/1
   122 | D:1      | Reached XP level 2. HP: 24/24 MP: 2/2
   597 | D:1      | Reached XP level 3. HP: 22/29 MP: 3/3
   674 | D:1      | Slain by a jackal

Vault maps used:
D:1:      minmay_arrival_hallway, minmay_domino_2
D:2:      lemuel_round_altar, lemuel_round_altar,
          gammafunk_temple_overflow_wave, lemuel_tele_altar, uniq_sigmund

Skill      XL: |  1  2 |
---------------+-------+-----
Maces & Flails | 3 |  3.8
Fighting       | |  3.2
Armour         | |  3.2
Shields        | |  3.0

Action                   || total
-------------------------++-------
Melee: Flail             ||    89
 Abil: Hop               ||     1
  Use: Potion            ||     2
Armor: Scale mail        ||    38
Dodge: Dodged            ||    38
Block: Shield            ||    49

Vault maps used:
D:1:      minmay_arrival_hallway, minmay_domino_2
D:2:      lemuel_round_altar, lemuel_round_altar,
          gammafunk_temple_overflow_wave, lemuel_tele_altar, uniq_sigmund
